 Dungeon Crawl Stone Soup version 0.27-a0-522-g46bbb28828 (webtiles) character file.

Game seed: 17296329888031972232

170512 cavalnite the Executioner (level 17, -1/234 HPs)
             Began as a Minotaur Berserker on Mar 5, 2021.
             Was the Champion of Trog.
             Slain by an emperor scorpion (7 damage)
             ... on level 4 of the Spider Nest.
             The game lasted 01:55:38 (35751 turns).

cavalnite the Executioner (Minotaur Berserker)     Turns: 35751, Time: 01:55:40

Health: -1/234     AC: 34    Str: 21 (22) XL:     17   Next: 37%
Magic:  0/5        EV: 11    Int:  4      God:    Trog [******]
Gold:   1660       SH: 27    Dex: 19 (20) Spells: 16/16 levels left

rFire    . . .     SeeInvis .   C - +6 broad axe (antimagic)
rCold    . . .     Faith    .   J - +0 tower shield
rNeg     . . .     Spirit   .   u - +7 plate armour of the Fiend {+Fly rElec rCorr Slay-6}
rPois    .         Reflect  +   p - +2 hat
rElec    +         Harm     .   K - +0 cloak {Will+}
rCorr    +         Rampage  .   s - +2 pair of gloves {Dex+3}
Will     ++...                  V - +1 pair of boots
Stlth    ..........             I - amulet of reflection
HPRegen  0.49/turn              q - +4 ring of slaying
MPRegen  0.09/turn              c - ring of resist corrosion

@: berserking, lethally poisoned (-1 -> -37), slow
A: horns 2, retaliatory headbutt
a: Renounce Religion, Evoke Flight, Berserk, Trog's Hand, Brothers in Arms


You were on level 4 of the Spider Nest.
You worshipped Trog.
Trog was exalted by your worship.
You visited 4 branches of the dungeon, and saw 27 of its levels.
You also visited: Ossuary.

You collected 2878 gold pieces.
You spent 1218 gold pieces at shops.

Inventory:

Hand Weapons
 C - a +6 antimagic broad axe (weapon)
 N - the +10 executioner's axe of the Equinox {vorpal, Str+2}
   (Trog gifted it to you on level 3 of the Lair of Beasts)

   It inflicts extra damage upon your enemies.
   It affects your strength (+2).
 P - a +6 war axe of flaming
 S - the +0 battleaxe "Pawiunaf" {venom, Fragile +Blink rPois Str-2}
   (You found it on level 6 of the Lair of Beasts)

   It poisons the flesh of those it strikes.
   It affects your strength (-2).
   It protects you from poison.
   It lets you blink.
   It will be destroyed if unequipped.
Missiles
 T - 6 javelins
Armour
 p - a +2 hat (worn)
 s - a +2 pair of gloves of dexterity (worn)
 u - the +7 plate armour of the Fiend (worn) {+Fly rElec rCorr Slay-6}
   (You found it on level 3 of the Spider Nest)

   It affects your accuracy and damage with ranged weapons and melee attacks
   (-6).
   It insulates you from electricity.
   It lets you fly.
   It provides partial protection from all sources of acid and corrosion.
 J - a +0 tower shield (worn)
 K - a +0 cloak of willpower (worn)
 U - a +4 plate armour of fire resistance
 V - a +1 pair of boots (worn)
Jewellery
 c - a ring of resist corrosion (right hand)
 m - a ring of see invisible
 q - a +4 ring of slaying (left hand)
 I - an amulet of reflection (around neck)
 L - an amulet of regeneration
 R - a ring of protection from cold
Wands
 g - a wand of mindburst (11)
 j - a wand of iceblast (59)
 k - a wand of charming (9)
 y - a wand of acid (28)
 z - a wand of flame (39)
 E - a wand of digging (5)
 G - a wand of random effects (26)
 M - a wand of paralysis (15) (quivered)
Scrolls
 a - 2 scrolls of fog
 i - 21 scrolls of teleportation
 n - 2 scrolls of magic mapping
 r - 6 scrolls of fear
 A - 6 scrolls of enchant armour
 H - 9 scrolls of identify
 O - a scroll of blinking
 W - 2 scrolls of enchant weapon
 X - a scroll of immolation
 Y - a scroll of vulnerability {unknown}
Potions
 b - 3 potions of invisibility
 d - 4 potions of ambrosia
 e - 5 potions of haste
 f - 7 potions of heal wounds
 h - 5 potions of berserk rage
 l - 2 potions of mutation
 o - 2 potions of cancellation
 t - 3 potions of flight
 v - 14 potions of curing
 w - 4 potions of attraction {unknown}
 x - 2 potions of lignification
 B - 5 potions of might
 D - 5 potions of brilliance
 F - 2 potions of magic
Miscellaneous
 Q - a phantom mirror


   Skills:
 + Level 15.0 Fighting
 + Level 21.5 Axes
 * Level 15.3 Armour
 * Level 9.4 Dodging
 + Level 2.5 Stealth
 * Level 17.5 Shields
 + Level 1.9 Evocations


You had 16 spell levels left.
You didn't know any spells.
Your spell library was empty.

Dungeon Overview and Level Annotations

Branches:
Dungeon (15/15)            Temple (0/1) D:6            Lair (6/6) D:9
 Shoals (0/4) Lair:4       Spider (4/4) Lair:2        Slime (0/5) Lair:5
    Orc (2/2) D:11            Elf (0/3) Orc:2        Vaults (0/5) D:14
 Depths (0/5) D:15        Ossuary (visited)

Altars:
Elyvilon
Fedhas
Nemelex Xobeh
Vehumet
Beogh

Shops:
D:10 *   D:15 !   Orc:2 !![:[!

Annotations:
D:10 2 transporters, wakim's ghost, journeyman SpEn
D:11 2 transporters, 1 runed translucent door, rigao's ghost, novice DgAr
Lair:1 exclusion: oklob plant
Lair:4 2 transporters
Lair:5 exclusion: oklob plant


Innate Abilities, Weirdness & Mutations

You have a pair of horns on your head.
You reflexively headbutt those who attack you in melee.


Message History

Something hits you but does no damage. Something stings you.
* * * LOW HITPOINT WARNING * * *
You block the spark wasp's attack. The emperor scorpion stings you!
* * * LOW HITPOINT WARNING * * *
The emperor scorpion closely misses you.
You block the emperor scorpion's attack.
You feel your dexterity returning.
You miss something. Your headbutt misses something.
You hit the emperor scorpion but do no damage.
You slash the spark wasp!
The spark wasp's magic leaks into the air.
You block the spark wasp's attack. Something hits you but does no damage.
You block something's attack. Something stings you!
* * * LOW HITPOINT WARNING * * *
You are lethally poisoned!
Something poisons you!
Your unstable footing causes you to fumble your attack.
* * * LOW HITPOINT WARNING * * *
You feel very sick.
You block the emperor scorpion's attack.
The emperor scorpion claws you but does no damage.
You block the emperor scorpion's attack.
The spark wasp stings you!
* * * LOW HITPOINT WARNING * * *
The spark wasp shocks you. You resist.
* * * LOW HITPOINT WARNING * * *
You slash something! Your headbutt misses something.
You hit the emperor scorpion but do no damage. x2
You slash the spark wasp!
You kill the spark wasp!
Trog accepts your kill.
* * * LOW HITPOINT WARNING * * *
You feel sick.
Something hits you but does no damage. x2
Something stings you but does no damage.
You block the emperor scorpion's attack. x2
The emperor scorpion claws you.
* * * LOW HITPOINT WARNING * * *
You block the emperor scorpion's attack.
The emperor scorpion claws you!
You die...

##...... ##^#.....
#........ ##.......
#### ###..... ##≈≈##
##.... #### #^^..##
#.... #... ###.{†s.#
#.... #..# ##.≈ys@..##
#.... #≈. ##....##^≈.#
#.... ##≈≈
#^...###^.≈## ###..
#≈≈###.^.≈# ##...# ##..
#≈≈#≈..≈≈≈# #≈.≈## #...
#≈≈...≈.#≈.# ##≈..#####
#...
##....###...###..###..#
##... ##≈..≈##
#.^###..≈# #..###....
#.....#
####≈≈.≈####....^....


You could see 2 emperor scorpions and a hornet.

Vanquished Creatures
  Arachne (Spider:2)
  The ghost of Ceirchi the Eclecticist, an adept DrCj of Vehumet (Spider:2)
  Gastronok (Lair:1)
  Kirke (Spider:4)
  3 ghost moths (Spider:4)
  An emperor scorpion (Spider:2)
  Nessos (D:14)
  5 entropy weavers
  4 spark wasps
  Snorg (D:14)
  An ettin (D:15)
  Fannar (Lair:1)
  4 vault guards (D:14)
  Erolcha (D:12)
  6 hydras
  3 boulder beetles
  A catoblepas (Lair:4)
  4 ogre magi (Orc:2)
  3 centaur warriors
  A death knight (D:14)
  The ghost of kae the Cleaver, a novice HOFi of Okawaru (D:8)
  A merfolk avatar (Lair:6)
  4 tengu warriors
  17 two-headed ogres
  An orc high priest (Orc:2)
  A deep elf knight (D:15)
  A fire crab (Lair:6)
  3 unseen horrors
  A deep troll (D:15)
  A phantasmal warrior (D:14)
  A harpy (Lair:6)
  2 orc knights
  A manticore (Lair:6)
  2 orc sorcerers
  22 orb spiders
  14 elephants (Lair:6)
  20 ugly things
  5 cyclopes
  35 wolf spiders
  4 black mambas
  Joseph (Lair:1)
  2 moths of wrath
  A merfolk siren (Lair:4)
  3 centaur zombies
  Maurice (Orc:1)
  A torpor snail (Spider:2)
  A centaur skeleton (D:13)
  13 cane toads
  2 gargoyles
  A kobold demonologist (D:12)
  6 rime drakes
  8 komodo dragons
  A freezing wraith (D:14)
  Psyche (D:8)
  15 demonic crawlers
  3 trolls
  44 jumping spiders
  3 meliai (D:14)
  Prince Ribbit (D:7)
  2 polar bears
  6 dream sheep
  Grinder (D:5)
  16 hornets
  8 blink frogs
  58 redbacks
  A vampire (D:13)
  26 tarantellas
  4 wraiths
  2 shadows
  44 yaks
  Eustachio (D:5)
  3 hogs (Spider:4)
  3 wyverns
  2 steam dragons
  8 humans (D:14)
  Grum (D:8)
  2 basilisks
  Menkaure (D:6)
  Edmund (D:6)
  7 wargs
  4 vampire mosquitoes
  Duvessa (D:4)
  An acid dragon (D:10)
  17 water moccasins
  2 sky beasts
  5 black bears
  A hornet zombie (D:14)
  2 ice beasts (D:12)
  30 orc warriors
  3 eyes of draining
  A necrophage (D:10)
  17 wolves
  33 ogres
  A phantom (D:7)
  11 centaurs
  Blork the orc (D:5)
  14 bullfrogs
  3 kobold brigands
  A gnoll sergeant (D:5)
  Dowan (D:4)
  A water moccasin zombie (D:5)
  7 scorpions
  2 water moccasin skeletons
  13 killer bees
  4 wights (D:10)
  7 electric eels
  3 howler monkeys
  8 hounds
  2 bullfrog zombies
  3 bullfrog skeletons
  2 jellies (D:13)
  14 orc priests
  Crazy Yiuf (D:7)
  7 iguanas
  Natasha (thrice) (D:4)
  22 orc wizards
  16 worker ants
  A killer bee zombie (D:7)
  2 hound skeletons
  4 mummies (Ossuary)
  Robin (D:4)
  5 adders
  13 gnolls
  2 shadow imps
  A white imp (D:6)
  2 ufetubi
  An ooze (D:5)
  3 adder skeletons
  An adder zombie (D:9)
  2 worms
  3 dart slugs
  4 leopard geckos
  77 orcs
  4 ball pythons
  5 giant cockroaches
  24 goblins
  19 hobgoblins
  6 jackals
  25 kobolds
  6 quokkas
  8 bats
  3 frilled lizards (D:1)
  4 gnoll skeletons (Ossuary)
  5 gnoll zombies (Ossuary)
  5 goblin skeletons (Ossuary)
  7 goblin zombies (Ossuary)
  3 hobgoblin skeletons (Ossuary)
  3 hobgoblin zombies (Ossuary)
  3 kobold skeletons (Ossuary)
  4 kobold zombies (Ossuary)
  A leopard gecko zombie (D:4)
  5 orc skeletons (Ossuary)
  3 orc zombies (Ossuary)
  2 quokka skeletons
  A quokka zombie (D:5)
  7 rats
  3 rat skeletons (Ossuary)
  3 rat zombies (Ossuary)
  A butterfly (Lair:5)
1032 creatures vanquished.

Vanquished Creatures (others)
  A wolf spider (Spider:2)
  A jumping spider (Spider:3)
  A redback (Spider:1)
  A white imp (D:8)
  A hobgoblin skeleton (Ossuary)
  A rat skeleton (Ossuary)
  33 fungi
  59 plants
98 creatures vanquished.

Grand Total: 1130 creatures vanquished

Notes
Turn   | Place    | Note
-------+----------+-------------------------------------------
     0 | D:1      | cavalnite the Minotaur Berserker began the quest for the
                  | Orb.
     0 | D:1      | Reached XP level 1. HP: 19/19 MP: 0/0
    56 | D:1      | Reached XP level 2. HP: 26/27 MP: 1/1
    67 | D:1      | Reached skill level 4 in Axes
   441 | D:1      | Reached ** piety under Trog
   495 | D:1      | Reached XP level 3. HP: 33/33 MP: 2/2
  1495 | D:2      | Reached XP level 4. HP: 41/41 MP: 3/3
  2167 | D:3      | Reached skill level 5 in Axes
  2459 | D:3      | Noticed an ogre
  2469 | D:3      | Reached *** piety under Trog
  2473 | D:3      | Killed an ogre
  2474 | D:3      | Reached skill level 6 in Axes
  2474 | D:3      | Reached XP level 5. HP: 47/47 MP: 4/4
  3158 | D:4      | Noticed Robin
  3341 | D:4      | Killed Robin
  3583 | D:4      | Noticed Duvessa
  3586 | D:4      | Noticed Dowan
  3591 | D:4      | Killed Duvessa
  3592 | D:4      | Reached skill level 1 in Stealth
  3592 | D:4      | Reached XP level 6. HP: 55/55 MP: 5/5
  3606 | D:4      | Noticed Natasha
  3608 | D:4      | Reached skill level 5 in Fighting
  3608 | D:4      | Reached skill level 7 in Axes
  3623 | D:4      | Killed Natasha
  3628 | D:4      | Killed Dowan
  3969 | D:4      | Reached skill level 8 in Axes
  3969 | D:4      | Reached XP level 7. HP: 38/61 MP: 6/6
  4329 | D:4      | Noticed Natasha
  4335 | D:4      | Killed Natasha
  4336 | D:4      | Reached skill level 9 in Axes
  4434 | D:4      | Noticed Natasha
  4443 | D:4      | Killed Natasha
  5272 | D:4      | Reached XP level 8. HP: 65/70 MP: 7/7
  5301 | D:5      | Entered Level 5 of the Dungeon
  5331 | D:5      | Noticed Blork the orc
  5333 | D:5      | Noticed Grinder
  5340 | D:5      | Killed Blork the orc
  5340 | D:5      | Reached **** piety under Trog
  5360 | D:5      | Paralysed by Grinder for 5 turns
  5369 | D:5      | Killed Grinder
  5370 | D:5      | Reached skill level 10 in Axes
  6164 | D:5      | Noticed Eustachio
  6174 | D:5      | Killed Eustachio
  6175 | D:5      | Reached skill level 5 in Armour
  6220 | D:5      | Reached skill level 11 in Axes
  6688 | D:6      | Found a sand-covered staircase.
  6693 | Ossuary  | Entered an ossuary
  6951 | Ossuary  | Reached ***** piety under Trog
  7118 | Ossuary  | Reached XP level 9. HP: 61/78 MP: 8/8
  7458 | D:6      | Found a staircase to the Ecumenical Temple.
  7909 | D:6      | Noticed Menkaure
  7916 | D:6      | Killed Menkaure
  8180 | D:6      | Noticed Edmund
  8200 | D:6      | Killed Edmund
  8201 | D:6      | Reached skill level 12 in Axes
  8520 | D:7      | Noticed Prince Ribbit
  9091 | D:7      | Found a white marble altar of Elyvilon.
  9173 | D:7      | Reached skill level 1 in Shields
  9436 | D:7      | Found a runed translucent door.
  9437 | D:7      | Noticed Crazy Yiuf
  9442 | D:7      | Killed Crazy Yiuf
  9721 | D:7      | Killed Prince Ribbit
  9722 | D:7      | Reached skill level 13 in Axes
  9883 | D:8      | Reached XP level 10. HP: 47/86 MP: 9/9
 10100 | D:8      | Noticed Psyche
 10115 | D:8      | Killed Psyche
 10115 | D:8      | Received a gift from Trog
 10245 | D:8      | Noticed Grum
 10255 | D:8      | Killed Grum
 10449 | D:8      | Noticed kae's ghost (novice HOFi)
 10452 | D:8      | Found a runed translucent door.
 10467 | D:8      | Killed kae's ghost
 10468 | D:8      | Reached skill level 14 in Axes
 10923 | D:9      | Found a staircase to the Lair.
 11365 | D:9      | Found a sparkling altar of Nemelex Xobeh.
 11563 | Lair:1   | Entered Level 1 of the Lair of Beasts
 11563 | Lair:1   | Noticed a cane toad
 11937 | D:10     | Entered Level 10 of the Dungeon
 11950 | D:10     | Reached skill level 5 in Shields
 11955 | D:10     | Reached XP level 11. HP: 66/95 MP: 3/10
 12070 | D:10     | Found a transporter.
 12084 | D:10     | Noticed wakim's ghost (journeyman SpEn)
 12096 | D:10     | Found a transporter.
 12116 | D:10     | Noticed a fire dragon
 12151 | D:10     | Reached skill level 5 in Dodging
 12255 | D:10     | Reached skill level 15 in Axes
 12315 | D:10     | Received a gift from Trog
 12494 | D:10     | Found Kuapp's Assorted Antiques.
 12503 | D:10     | Bought a potion of curing for 84 gold pieces
 12503 | D:10     | Bought a potion of heal wounds for 140 gold pieces
 12880 | D:10     | Killed an unseen horror
 13033 | D:10     | Noticed a two-headed ogre
 13044 | D:10     | Killed a two-headed ogre
 13155 | D:11     | Noticed a boulder beetle
 13195 | D:11     | Killed a boulder beetle
 13255 | D:11     | Found a staircase to the Orcish Mines.
 13273 | D:11     | Found a transporter.
 13278 | D:11     | Noticed an ogre mage
 13280 | D:11     | Reached ****** piety under Trog
 13281 | D:11     | Noticed an ettin
 13426 | D:11     | Reached skill level 16 in Axes
 13558 | D:11     | Noticed a two-headed ogre
 13565 | D:11     | Killed a two-headed ogre
 13639 | D:11     | Found a runed translucent door.
 13648 | D:11     | Noticed rigao's ghost (novice DgAr)
 13649 | D:11     | Identified the +5 spear of a volcano {drain, *Corrode rN+
                  | Dex+4}
 13782 | D:11     | Found a transporter.
 14228 | Lair:1   | Noticed Joseph
 14240 | Lair:1   | Killed Joseph
 14251 | Lair:1   | Noticed Fannar
 14265 | Lair:1   | Killed Fannar
 14450 | Lair:1   | Reached XP level 12. HP: 72/105 MP: 3/11
 14542 | Lair:1   | Found a blossoming altar of Fedhas.
 14542 | Lair:1   | Noticed Gastronok
 14558 | Lair:1   | Killed Gastronok
 14689 | Lair:1   | Reached skill level 17 in Axes
 15533 | Lair:2   | Found a hole to the Spider Nest.
 15540 | Lair:2   | Reached skill level 10 in Armour
 15689 | Lair:2   | Reached skill level 10 in Fighting
 16374 | Lair:3   | Identified the +10 executioner's axe of the Equinox
                  | {vorpal, Str+2} (Trog gifted it to you on level 3 of the
                  | Lair of Beasts)
 16374 | Lair:3   | Received a gift from Trog
 16643 | Lair:3   | Noticed a seven-headed hydra
 16652 | Lair:3   | Killed a ten-headed hydra
 16653 | Lair:3   | Reached skill level 18 in Axes
 16848 | Lair:3   | Noticed a five-headed hydra
 16855 | Lair:3   | Killed a six-headed hydra
 16902 | Lair:3   | Noticed a boulder beetle
 16918 | Lair:3   | Killed a boulder beetle
 17466 | Lair:4   | Reached XP level 13. HP: 114/114 MP: 4/12
 17488 | Lair:4   | Found a transporter.
 17848 | Lair:4   | Found a transporter.
 18204 | Lair:4   | Found a staircase to the Shoals.
 18961 | Lair:5   | Found a staircase to the Slime Pits.
 19205 | Lair:5   | Reached skill level 1 in Evocations
 19484 | Lair:6   | Entered Level 6 of the Lair of Beasts
 19558 | Lair:6   | Reached skill level 19 in Axes
 19614 | Lair:6   | Received a gift from Trog
 19666 | Lair:6   | Identified the +0 battleaxe "Pawiunaf" {venom, Fragile
                  | +Blink rPois Str-2}
 20385 | Lair:6   | Reached skill level 10 in Shields
 20486 | Lair:6   | Reached XP level 14. HP: 80/125 MP: 4/13
 21385 | Orc:1    | Entered Level 1 of the Orcish Mines
 21427 | Orc:1    | Noticed Maurice
 21531 | Orc:1    | Killed Maurice
 22244 | Orc:2    | Entered Level 2 of the Orcish Mines
 22307 | Orc:2    | Received a gift from Trog
 22447 | Orc:2    | Found Yppilazub's Distillery.
 22471 | Orc:2    | Bought a potion of curing for 42 gold pieces
 22479 | Orc:2    | Reached skill level 20 in Axes
 22536 | Orc:2    | Found Sanor's Distillery.
 22618 | Orc:2    | Bought a potion of curing for 39 gold pieces
 22618 | Orc:2    | Bought a potion of curing for 39 gold pieces
 22638 | Orc:2    | Found a staircase to the Elven Halls.
 22982 | Orc:2    | Found Osamp's Armour Boutique.
 22983 | Orc:2    | Found Faatomia's Armour Shoppe.
 22983 | Orc:2    | Found Nuvaap's Distillery.
 22983 | Orc:2    | Found Gyquonem's Book Shoppe.
 23318 | Orc:2    | Bought a potion of heal wounds for 70 gold pieces
 23318 | Orc:2    | Bought a potion of curing for 42 gold pieces
 23319 | Orc:2    | Bought a +0 tower shield for 63 gold pieces
 23319 | Orc:2    | Bought a +0 cloak of willpower for 161 gold pieces
 23344 | Orc:2    | Bought a +2 pair of gloves of dexterity for 258 gold pieces
 23697 | D:12     | Received a gift from Trog
 24173 | D:12     | Noticed Erolcha
 24190 | D:12     | Killed Erolcha
 24201 | D:12     | Found a radiant altar of Vehumet.
 24483 | D:13     | Reached XP level 15. HP: 132/136 MP: 4/14
 25025 | D:13     | Identified the +5 whip of Spite {speed, Stlth+}
 25486 | D:14     | Received a gift from Trog
 26065 | D:14     | Noticed Snorg
 26073 | D:14     | Killed Snorg
 26356 | D:14     | Found a gate to the Vaults.
 27026 | D:14     | Noticed Nessos
 27035 | D:14     | Killed Nessos
 27192 | D:15     | Entered Level 15 of the Dungeon
 27355 | D:15     | Found a staircase to the Depths.
 28211 | D:15     | Found Cyekk's Distillery.
 28229 | D:15     | Bought a potion of curing for 42 gold pieces
 28229 | D:15     | Bought a potion of curing for 42 gold pieces
 28229 | D:15     | Bought a potion of curing for 42 gold pieces
 28229 | D:15     | Bought a potion of ambrosia for 112 gold pieces
 28229 | D:15     | Bought a potion of curing for 42 gold pieces
 28547 | D:15     | Reached skill level 21 in Axes
 28803 | Spider:1 | Entered Level 1 of the Spider Nest
 28829 | Spider:1 | Received a gift from Trog
 29195 | Spider:1 | Reached XP level 16. HP: 139/146 MP: 5/15
 29969 | Spider:2 | Reached skill level 15 in Shields
 30207 | Spider:2 | Received a gift from Trog
 30620 | Spider:2 | Found a runed translucent gate.
 30620 | Spider:2 | Found a runed translucent gate.
 30621 | Spider:2 | Found a runed translucent gate.
 30644 | Spider:2 | Noticed Ceirchi's ghost (adept DrCj)
 31025 | Spider:2 | Killed Ceirchi's ghost
 31177 | Spider:3 | Noticed Arachne
 31393 | Spider:2 | Killed Arachne
 32100 | Spider:3 | Received a gift from Trog
 32801 | Spider:3 | Identified the +7 plate armour of the Fiend {+Fly rElec
                  | rCorr Slay-6}
 33004 | Spider:4 | Entered Level 4 of the Spider Nest
 33564 | Spider:4 | Reached skill level 15 in Armour
 34029 | Spider:4 | Received a gift from Trog
 34034 | Spider:4 | Reached XP level 17. HP: 152/154 MP: 5/16
 34084 | Spider:4 | Noticed Kirke
 34117 | Spider:4 | Killed Kirke
 35096 | Spider:4 | Reached skill level 15 in Fighting
 35507 | Spider:4 | Received a gift from Trog
 35750 | Spider:4 | HP: 11/234 [spark wasp (4)]
 35751 | Spider:4 | Slain by an emperor scorpion

Illustrated notes

Levels and vault maps discovered:
D:1:      lemuel_arrival_broad_hall, layout_rooms, minmay_misc_feat_hallway,
          minmay_tall_x
D:2:      wander_river, layout_loops_ring, serial_forest,
          infiniplex_forest_clump_long, infiniplex_forest_straight_5,
          infiniplex_forest_lined_room_3, infiniplex_forest_straight_1,
          infiniplex_forest_end_2, infiniplex_forest_straight_1,
          infiniplex_forest_lined_ring
D:3:      layout_basic, minmay_ogre_servants
D:4:      layout_layer_cave, nzn_random_ring, uniq_natasha, uniq_robin,
          uniq_duvessa
D:5:      layout_cave_pods, amethyst_killhole, chequers_arboretum,
          uniq_eustachio, uniq_blork_the_orc, uniq_grinder
D:6:      layout_rooms, minmay_temple_entry_water_ring,
          lightli_ossuary_entry_decrepit_ruins, chequers_serial_rivers_micro_a,
          uniq_menkaure, uniq_edmund
D:7:      layout_loops_cross, grunt_ministairs_13, elyvilon_altar_3,
          uniq_prince_ribbit1, uniq_crazy_yiuf_cottage
D:8:      layout_cave_pools, hellmonk_ghost_happy_afterlife, uniq_psyche,
          uniq_grum
D:9:      layout_loops_cross, kennysheep_mini_moat, erik_lair_orcish_takeover
D:10:     layout_loops_ring, gammafunk_ghost_berserking_beasts, serial_shops,
          shop, grunt_ministairs_1, kennysheep_generic_room_4
D:11:     gammafunk_beogh_shrine, layout_loops_ring, david_orc_2,
          ebering_ghost_funeral_grove, amcnicky_mini_corridor_feature
D:12:     layout_roguey, basic_altar, uniq_erolcha
D:13:     layout_gridville
D:14:     layout_loops_corners, ximxim_vaults_locker_room,
          hangedman_glass_teeth, uniq_nessos, uniq_snorg
D:15:     hangedman_depths_entry_civil_slaughter, layout_layer_cave,
          serial_shops, shop_statue
Lair:1:   layout_chaotic_city, nicolae_quartered_pool_medium, tgw_fedhas,
          grunt_megastairs_1, uniq_joseph, uniq_fannar, uniq_gastronok
Lair:2:   layout_regular_city, spider_nest_entry_a
Lair:3:   layout_chaotic_city, grunt_megastairs_4
Lair:4:   gammafunk_cloud_chamber, layout_big_grid, elwin_shoals_entry_rooms,
          lookout_lair_type, fungi_pond_lemuel, dpeg_stationary_puzzle,
          lemuel_fruit_tree, serial_bayou_shore_b, serial_bayou_shore_b,
          serial_bayou_shore_b
Lair:5:   layout_gridlike, minmay_slime_entry_oklob_open, st_stairs_11,
          zaba_anthole, minmay_stone_trees_medium, minivault_19,
          lemuel_fruit_fields
Lair:6:   gammafunk_lair_ancient_temple, layout_regular_city
Spider:1: layout_spider_delve, lemuel_hornet_nest
Spider:2: layout_spider_delve, ebering_ghost_rock_garden,
          hangedman_spider_tarantella_strand
Spider:3: nicolae_spider_mines_3, uniq_arachne
Spider:4: spider_rune_water, hangedman_spider_mandibles, drop_trap, uniq_kirke
Orc:1:    layout_caves, amcnicky_altar_gilded, uniq_maurice
Orc:2:    st_orc_ogre_mass, layout_caves, serial_shops,
          nicolae_shop_window_shopping, shop

Skill      XL: |  1  2  3  4  5  6  7  8  9 10 11 12 13 14 15 16 17 |
---------------+----------------------------------------------------+-----
Fighting       | 4 5 6 7 8 9 10 11 13 14 15 | 15.0
Axes           | 4 6 8 9 11 13 14 16 18 19 20 21 | 21.5
Dodging        | 3 4 5 7 8 9 |  9.4
Stealth        | 1 2 |  2.5
Armour         | 3 5 6 8 9 10 12 13 14 15 | 15.3
Shields        | 2 5 7 8 10 11 14 16 17 | 17.5
Evocations     | 1 |  1.9

Action                   |  1- 3 |  4- 6 |  7- 9 | 10-12 | 13-15 | 16-18 || total
-------------------------+-------+-------+-------+-------+-------+-------++-------
Melee: Hand axe          |    93 |    99 |   359 |       |       |       ||   551
       Headbutt          |    16 |    21 |    80 |   114 |   293 |   193 ||   717
       War axe           |       |       |    14 |    22 |       |       ||    36
       Broad axe         |       |       |       |   470 |  1036 |   695 ||  2201
       Executioner's axe |       |       |       |     8 |       |       ||     8
Throw: Javelin           |       |       |       |       |     1 |       ||     1
Invok: Berserk           |       |     5 |     7 |     9 |    15 |     5 ||    41
Evoke: Wand              |       |       |       |     7 |    14 |       ||    21
  Use: Scroll            |       |    10 |    11 |     5 |       |       ||    26
       Potion            |       |     3 |       |       |       |     4 ||     7
 Stab: Sleeping          |     1 |       |       |       |       |       ||     1
Armor: Animal skin       |    19 |    10 |       |       |       |       ||    29
       Leather armour    |       |     5 |     5 |       |       |       ||    10
       Chain mail        |       |       |   101 |    39 |       |       ||   140
       Plate armour      |       |       |       |   140 |   382 |   462 ||   984
Dodge: Dodged            |    61 |    66 |   127 |   116 |   210 |   272 ||   852
Block: Buckler           |       |       |    26 |   109 |   124 |       ||   259
       Reflection        |       |       |       |     6 |    15 |     1 ||    22
       Tower shield      |       |       |       |       |   409 |  1057 ||  1466

Table legend: (Time is in decaauts)
 A = Elapsed time spent in this place.
 B = Non-inter-level travel time spent in this place.
 C = Inter-level travel time spent in this place.
 D = Time resting spent in this place.
 E = Time spent auto-exploring this place.
 F = Levels seen in this place.
 G = Mean time per level.
                   A        B        C        D        E       F      G
               +--------+--------+--------+--------+--------+-----+--------+
         Total |  35834 |  34394 |   1440 |   9670 |  16974 |  28 | 1279.8 |
       Dungeon |  19051 |  18210 |    841 |   4818 |  10075 |  15 | 1270.1 |
          Lair |   7421 |   7048 |    373 |   1562 |   3869 |   6 | 1236.8 |
   Spider Nest |   6754 |   6646 |    108 |   2733 |   2135 |   4 | 1688.5 |
  Orcish Mines |   2138 |   2021 |    117 |    409 |    894 |   2 | 1069.0 |
       Ossuary |    469 |    469 |      0 |    147 |      0 |   1 |  469.0 |
               +--------+--------+--------+--------+--------+-----+--------+

Top non-repeatable levels by time:
Spider:2: 2487 daAuts
Spider:4: 2379 daAuts
     D:4: 1995 daAuts
    D:14: 1925 daAuts
  Lair:6: 1692 daAuts
     D:5: 1620 daAuts
     D:7: 1460 daAuts
    D:15: 1446 daAuts
     D:2: 1350 daAuts
     D:3: 1345 daAuts
   Orc:2: 1341 daAuts
    D:10: 1297 daAuts
  Lair:2: 1236 daAuts
  Lair:5: 1188 daAuts
  Lair:3: 1169 daAuts
